 Dungeon Crawl Stone Soup version 0.28.0-43-g3370ac3207 (webtiles) character file.

Game seed: 10634635675316035654

58 experimilk the Chopper (level 3, 0/31 HPs)
             Began as a Palentonga Fighter on Mar 19, 2022.
             Was an Initiate of Hepliaklqana.
             Slain by an adder (3 damage)
             ... on level 3 of the Dungeon.
             The game lasted 00:02:53 (1786 turns).

experimilk the Chopper (Palentonga Fighter)         Turns: 1786, Time: 00:02:53

Health: 0/31       AC:  6    Str: 21    XL:     3   Next: 75%
Magic:  0/3        EV:  7    Int:  8    God:    Hepliaklqana [......]
Gold:   102        SH:  4    Dex:  9    Spells: 2/2 levels left

rFire   . . .      SeeInvis +   a - +0 war axe
rCold   . . .      Faith    .   c - +0 buckler
rNeg    . . .      Spirit   +   b - +0 scale mail
rPois   .          Reflect  .   (no helmet)
rElec   .          Harm     .   (no cloak)
rCorr   .          Rampage  .   (no gloves)
Will    .....                   (no barding)
Stlth   ..........              e - amulet of guardian spirit
HPRegen 0.10/turn               (no ring)
MPRegen 0.08/turn               (no ring)

@: mighty
A: large, rugged brown scales 3, see invisible, deformed body, roll 1, armoured
tail
a: Rolling Charge, Renounce Religion


You were on level 3 of the Dungeon.
You worshipped Hepliaklqana.
Hepliaklqana was noncommittal.
You visited 1 branch of the dungeon, and saw 3 of its levels.

You collected 102 gold pieces.

Inventory:

Hand Weapons
 a - a +0 war axe (weapon)
Missiles
 i - 10 poisoned darts
Armour
 b - a +0 scale mail (worn)
 c - a +0 buckler (worn)
Jewellery
 e - an amulet of guardian spirit (around neck)
Scrolls
 f - a scroll of teleportation {unknown}
 h - a scroll of noise {unknown}


   Skills:
 - Level 3.0 Fighting
 + Level 4.1 Axes
 - Level 2.4 Armour
 - Level 2.4 Shields


You had 2 spell levels left.
You didn't know any spells.
Your spell library was empty.

Dungeon Overview and Level Annotations

Branches:
Dungeon (3/15)

Altars:
Hepliaklqana

Shops:
D:1 *

Annotations:
D:3 Grinder


Innate Abilities, Weirdness & Mutations

You are completely covered in rugged brown scales. (AC +3, +7% HP)
You have supernaturally acute eyesight. (SInv)
Armour fits poorly on your strangely shaped body.
You can roll at nearby foes to attack.
You have a long armoured tail.


Message History

The kobold barely misses you. The adder bites you.
You are poisoned.
The adder poisons you!
You closely miss the adder.
The adder is lightly wounded.
You miss the adder. You slash the bat!
You kill the bat!
You hit the kobold.
You feel sick.
The adder bites you but does no damage. x2
The kobold hits you with a +0 short sword.
The adder bites you but does no damage.
You miss the adder.
The adder is lightly wounded.
You barely miss the adder. You hit the kobold.
You kill the kobold!
You feel sick. The adder closely misses you.
The adder bites you but does no damage. x2; You block the adder's attack.
You barely miss the adder.
The adder is lightly wounded.
You barely miss the adder.
You feel sick.
You are no longer poisoned.
The adder bites you but does no damage. x3; The orc hits you with a +0 war axe!
The adder bites you but does no damage.
You feel very mighty all of a sudden. You block the adder's attack.
The adder bites you. The orc hits you with a +0 war axe!
* * * LOW HITPOINT WARNING * * *
It was a potion of magic.
Magic courses through your body. You block the adder's attack.
The adder bites you.
You are lethally poisoned!
The adder poisons you! The orc hits you with a +0 war axe.
* * * LOW HITPOINT WARNING * * *
The adder bites you but does no damage.
It was a potion of curing.
You feel better. The adder bites you.
* * * LOW HITPOINT WARNING * * *
The adder bites you.
* * * LOW HITPOINT WARNING * * *
The orc hits you with a +0 war axe.
* * * LOW HITPOINT WARNING * * *
The adder bites you.
You die...

####.#########
#.......#
#.......#
#.......#
#.......# ##
####'####
....#####.#
#...S.†.#####
#.###@S.......#
#o(.......#
#.........#
..........#
...........#
............#
.............#
...........


You could see 2 adders and an orc.

Vanquished Creatures
  An adder (D:2)
  4 ball pythons (D:1)
  5 bats
  6 endoplasms
  2 giant cockroaches
  2 goblins
  3 hobgoblins
  3 jackals (D:1)
  4 quokkas (D:1)
  5 kobolds
  7 rats
42 creatures vanquished.

Vanquished Creatures (others)
  4 toadstools (D:1)
4 creatures vanquished.

Grand Total: 46 creatures vanquished

Notes
Turn   | Place    | Note
-------+----------+-------------------------------------------
     0 | D:1      | experimilk the Palentonga Fighter began the quest for the
                  | Orb.
     0 | D:1      | Reached XP level 1. HP: 19/19 MP: 1/1
   126 | D:1      | Reached XP level 2. HP: 9/25 MP: 2/2
   369 | D:1      | Reached skill level 3 in Axes
   641 | D:1      | Reached XP level 3. HP: 31/31 MP: 3/3
  1487 | D:2      | Found a hazy altar of Hepliaklqana.
  1525 | D:2      | Reached skill level 4 in Axes
  1692 | D:2      | Became a worshipper of Hepliaklqana the Forgotten
  1712 | D:3      | Noticed Grinder
  1786 | D:3      | Slain by an adder

Illustrated notes

Levels and vault maps discovered:
D:1:      ldierk_water_garden, layout_rooms, serial_aquarium,
          aquarium_bridge_straight [aquarium_subvault_bridge,
          aquarium_subvault_window, aquarium_subvault_bridge,
          aquarium_subvault_wall], aquarium_bridge_long_joined
          [aquarium_subvault_wall, aquarium_subvault_bridge,
          aquarium_subvault_wall, aquarium_subvault_bridge,
          aquarium_subvault_window, aquarium_subvault_balcony],
          aquarium_window_corridor_2, aquarium_window_fake, aquarium_window_2,
          aquarium_window_2, aquarium_view_2f, aquarium_balcony_1b,
          aquarium_pool_split, serial_shops, shop
D:2:      layout_loops_ring, basic_altar
D:3:      layout_basic, overflow_temple_1_default, grunt_ministairs_2,
          minmay_divided_ellipse, uniq_grinder, uniq_natasha

Skill      XL: |  1  2  3 |
---------------+----------+-----
Axes           | 3 4 |  4.1
Fighting       | |  3.0
Armour         | |  2.4
Shields        | |  2.4

Action                   || total
-------------------------++-------
Melee: War axe           ||    87
       Tailslap          ||     5
 Abil: Rolling Charge    ||     2
  Use: Potion            ||     3
Armor: Scale mail        ||    70
Dodge: Dodged            ||    51
Block: Buckler           ||    32
